Map: 궤도 조선소

Players

Trick

  • Race: Terran Terran
  • League: Diamond

TOP - Winner!

  • Race: Terran Terran

Event: Gauntlet LotV Series 1 Qualifier 1

VOD

Have the link to the VOD?

Description

Time

  • Played on: Nov. 22, 2015, 4:14 p.m.
  • Length: 6:19

All games in this series

Show
View Real Time Build Order
Export as new Build Order

Trick Terran 

Build Orders: Reaper Expand 

Get SALT Encoding   

  12  0:00  SCV  
  13  0:13  SCV  
  14  0:23  Supply Depot  
  14  0:25  SCV  
  15  0:45  SCV  
  15  0:48  Barracks  
  16  0:52  Refinery  
  16  1:00  Barracks  
  16  1:02  SCV  
  17  1:22  SCV  
  18  1:35  Orbital Command  
  18  1:36  Reaper  
  19  1:47  Marine  
  20  1:56  Command Center  
  20  2:05  Supply Depot  
  20  2:08  Marine  
  21  2:12  SCV  
  21  2:15  Marine  
  23  2:31  SCV  
  23  2:34  Refinery  
  23  2:35  Factory  
  23  2:36  Marine  
  25  2:43  SCV  
  26  2:51  Marine  
  26  2:52  Supply Depot  
  26  2:55  SCV  
  28  3:01  Marine  
  29  3:07  SCV  
  29  3:09  Marine  
  31  3:18  Orbital Command  
  31  3:20  Factory Tech Lab  
  31  3:22  SCV  
  31  3:25  Starport  
  32  3:27  Marine  
  32  3:30  Marine  
  34  3:44  Siege Tank  
  34  3:45  SCV  
  34  3:46  SCV  
  34  3:47  Marine  
  40  3:48  Marine  
  38  4:15  Marine x2  
  38  4:16  Viking  
  41  4:19  SCV  
  41  4:20  SCV  
  41  4:21  Cyclone  
  41  4:24  Supply Depot  
  45  4:27  Engineering Bay  
  44  4:38  Marine  
  43  4:44  Supply Depot, SCV  
  43  4:45  SCV  
  46  4:46  Supply Depot  
  46  4:47  Supply Depot  
  46  5:05  SCV  
  47  5:08  Raven  
  47  5:10  SCV  
  47  5:13  Missile Turret  
  46  5:26  Marine  
  46  5:27  SCV  
  45  5:31  Command Center, SCV  
  45  5:33  Factory Reactor  
  45  5:34  Missile Turret  
  46  5:39  SCV  
  47  5:48  Missile Turret  
  33  6:03  SCV x2  
Show
View Real Time Build Order
Export as new Build Order

TOP Terran - Winner!

Build Orders: 1/1/1, Banshee Rush 

Get SALT Encoding   

  12  0:01  SCV  
  13  0:13  SCV  
  14  0:17  Supply Depot  
  14  0:25  SCV  
  15  0:39  SCV  
  15  0:40  Barracks  
  16  0:44  Refinery  
  16  0:51  SCV  
  16  0:56  Refinery  
  17  1:03  SCV  
  18  1:15  SCV  
  19  1:27  Orbital Command  
  19  1:28  Marine  
  20  1:33  Factory  
  20  1:41  Supply Depot  
  20  1:46  Marine  
  21  1:53  SCV  
  22  2:05  SCV  
  22  2:08  Barracks Reactor  
  23  2:17  SCV, Starport  
  23  2:19  Factory Tech Lab  
  24  2:26  Supply Depot  
  24  2:29  SCV  
  25  2:38  Siege Tank  
  25  2:42  SCV  
  29  2:45  Marine x2  
  31  2:53  Medivac  
  31  2:55  Supply Depot  
  33  3:02  Marine x2  
  35  3:27  Marine  
  35  3:28  Marine  
  35  3:30  Factory Tech Lab  
  35  3:32  Supply Depot, Cloaking Field, Banshee  
  40  3:36  Supply Depot  
  40  3:45  Marine x2  
  42  3:55  Siege Tank  
  45  4:03  Marine x2  
  44  4:15  Banshee  
  47  4:17  Supply Depot  
  47  4:21  Marine x2  
  49  4:37  Siege Tank  
  52  4:48  Command Center  
  52  4:49  Marine x2  
  54  5:04  Banshee  
  54  5:06  Marine x2  
  59  5:24  Marine x2  
  54  5:30  Siege Tank  
  57  5:39  Barracks x2  
  57  5:42  Marine x2  
  57  6:00  Marine x2  
Tags
 
Add a new tag
Caveats
  • Supply blocks, unpowered buildings, or Contaminate may cause inaccurate times.
  • Supply counts are checked every 10 seconds.